 Dungeon Crawl Stone Soup version 0.31-a0-968-g24f9ace8b5 (webtiles) character file.

Game seed: 14398257503944393644

1888 Xavori the Trooper (level 9, -3/65 HPs)
             Began as a Djinni Chaos Knight on Oct 27, 2023.
             Was a Plaything of Xom.
             Slain by an orc wizard
             ... wielding a +1 dagger of electrocution
              (18 damage)
             ... on level 6 of the Dungeon.
             The game lasted 00:07:02 (10528 turns).

Xavori the Trooper (Djinni Chaos Knight)           Turns: 10528, Time: 00:07:03

Health: -3/65      AC:  8    Str: 13    XL:     9   Next: 37%
Gold:   413        EV: 15    Int: 17    God:    Xom [*.....] SH:  6 Dex: 24

rFire   + + +        a - +0 falchion (chaos)
rCold   x . .        i - +0 buckler
rNeg    . . .        t - +3 leather armour {rPois}
rPois   ∞            (no helmet)
rElec   .            r - +0 cloak
rCorr   .            l - +0 pair of gloves
SInv    .            (boots unavailable)
Will    .....        (no amulet)
Stlth   +++          q - ring of wizardry
HPRegen 0.30/turn    v - +6 ring of intelligence
MPRegen 0.00/turn

%: wizardry (x1), infuse magic (-4 HP)
@: flying
A: sickness immunity, fire resistance 3, cold vulnerability 1, float, innate
caster, HP casting, extra vitality 1, camouflage 1, agile 2, mutation resistance
1, strong 1, MP-powered wands
a: Renounce Religion


You were on level 6 of the Dungeon.
You worshipped Xom.
You were a special plaything of Xom.
You visited 1 branch of the dungeon, and saw 6 of its levels.

You collected 413 gold pieces.

Inventory:

Hand Weapons
 a - a +0 falchion of chaos (weapon)
Armour
 i - a +0 buckler (worn)
 l - a +0 pair of gloves (worn)
 r - a +0 cloak (worn)
 t - a +3 leather armour of poison resistance (worn)
Jewellery
 q - a ring of wizardry (left hand)
 v - a +6 ring of intelligence (right hand)
 C - a +5 ring of evasion
 D - a +6 ring of strength
Wands
 n - a wand of paralysis (9)
 y - a wand of light (3)
 A - a wand of roots (8)
 B - a wand of flame (17)
Scrolls
 b - 2 scrolls of brand weapon
 c - a scroll of butterflies
 f - 2 scrolls of fear
 g - a scroll of vulnerability
 h - a scroll of enchant armour
 p - a scroll of enchant weapon
 s - 2 scrolls of blinking
 x - a scroll of revelation
Potions
 d - a potion of degeneration {unknown}
 e - 2 potions of mutation {unknown}
 j - 2 potions of magic
 k - a potion of haste {unknown}
 o - 3 potions of curing {unknown}
 u - 3 potions of brilliance {unknown}
 w - a potion of cancellation {unknown}
 z - a potion of ambrosia {unknown}
Miscellaneous
 m - a lightning rod (4/4)


   Skills:
 + Level 5.0 Fighting
 + Level 4.6 Long Blades
 + Level 4.1 Armour
 + Level 4.9 Dodging
 + Level 3.6 Shields
 * Level 4.1 Spellcasting
 * Level 4.1 Conjurations
 * Level 4.1 Hexes
   Level 0.0 Charms
 * Level 4.1 Summonings
 * Level 4.1 Necromancy
 * Level 4.1 Translocations
 * Level 4.1 Transmutations
 * Level 4.1 Fire Magic
 * Level 4.1 Ice Magic
 * Level 4.1 Air Magic
 * Level 4.1 Earth Magic
 * Level 4.1 Poison Magic
 + Level 3.6 Evocations


You knew the following spells:

 Your Spells              Type           Power      Damage    Failure   Level
a - Freeze                Ice            68%        1d8       1%          1
b - Static Discharge      Conj/Air       34%        3-5/arc   3%          2
c - Ensorcelled Hibernat  Hex/Ice        34%        N/A       3%          2
d - Animate Armour        Summ/Erth      34%        N/A       19%         4
Your spell library was empty.

Dungeon Overview and Level Annotations

Branches:
Dungeon (6/15)             Temple (0/1) D:5

Altars:
Uskayaw
Xom


Innate Abilities, Weirdness & Mutations

You are immune to sickness and miasma.
You are immune to poison.
Your flesh is almost immune to the effects of heat. (rF+++)
You are vulnerable to cold. (rC-)
You float through the air rather than walking.
You learn spells naturally, not from books.
Your magical power is your life essence.
You have superior vitality. (+4 MHP)
Your skin changes colour to match your surroundings (Stealth+).
You are very agile. (Dex +8, Str/Int -2)
You are somewhat resistant to further mutation.
Your muscles are strong. (Str +4, Int/Dex -1)
You expend health (3 HP) to strengthen your wands.


Message History

Something hits you but does no damage.
You barely miss the adder.
You feel a bit more experienced. You block the adder's attack.
Something hits you but does no damage.
You are electrocuted!
The adder barely misses you.
You hit the adder. You freeze the adder.
The adder is severely wounded.
The adder closely misses you. Something completely misses you.
You hit the adder but do no damage.
The adder is severely wounded.
You block the adder's attack.
Your +0 flail hits the adder!!
The adder dies!
The orc wizard points at you and mumbles some strange words.
The puff of flame misses you. Something hits you but does no damage.
You are electrocuted!
* * * LOW HITPOINT WARNING * * *
You hit the orc wizard.
The orc wizard's magic leaks into the air.
The orc wizard is lightly wounded.
Your +0 flail hits the orc!!
The orc dies!
The orc wizard closely misses you.
You hear some strange, mumbled words.
A puff of flame appears from out of thin air!
The puff of flame hits you but does no damage.
You hit the orc wizard but do no damage.
The orc wizard is lightly wounded.
The orc wizard's magic is no longer disrupted.
Your +0 flail hits the orc wizard!!
The orc wizard dies!
Something barely misses you.
You hit something.
You hear some strange, mumbled words.
A puff of flame appears from out of thin air!
The puff of flame hits you but does no damage.
You resist.
Unknown command.
You closely miss something. Something hits you.
* * * LOW HITPOINT WARNING * * *
Something hits you but does no damage.
You are electrocuted!!
You die...

........# ##.# ##.......
........## #... ##..##....
#.##.....## #.###..(....##
###......>###............#
#.....#..##.....o.......
#.....##.......#........
###.....#.#...#..#........
##.........#.###{(........
........#..### #@)........
........##..## #......##..
#......###...##....##.....
##.....# #.........# ....
###....# #..##.#(... ...#.
###...## #..####..... ..#
......####...# ##....#
#.###........## #..## ..#
#.....##..#############


You could see a friendly +0 flail.

Vanquished Creatures
  Grinder (D:6)
  Sigmund (D:4)
  Eustachio (D:3)
  A basilisk (shapeshifter) (D:4)
  2 ice beasts (D:6)
  An orc warrior (D:6)
  2 ogres
  A gnoll sergeant (D:3)
  A howler monkey (D:5)
  4 orc priests
  4 jellies (D:5)
  A gnoll bouda (D:5)
  Crazy Yiuf (D:2)
  A hound (D:5)
  2 iguanas
  2 orc wizards (D:3)
  7 adders
  13 gnolls
  6 worms
  3 dart slugs
  14 orcs
  10 ball pythons
  7 bats
  6 endoplasms
  2 giant cockroaches
  7 goblins
  5 hobgoblins
  9 jackals
  4 quokkas
  4 frilled lizards
  6 kobolds
  4 rats
133 creatures vanquished.

Vanquished Creatures (collateral kills)
  An orc wizard (D:6)
  An iguana (D:3)
  An adder (D:6)
  2 orcs (D:6)
  A rat (D:3)
6 creatures vanquished.

Vanquished Creatures (others)
  An orc wizard (D:6)
  An orc (D:3)
2 creatures vanquished.

Grand Total: 141 creatures vanquished

Notes
Turn   | Place    | Note
-------+----------+-------------------------------------------
     0 | D:1      | Xavori the Djinni Chaos Knight began the quest for the Orb.
     0 | D:1      | Reached XP level 1. HP: 20/20 MP: 0/0
    69 | D:1      | XOM: silly message
    73 | D:1      | Reached XP level 2. HP: 19/25 MP: 0/0
   468 | D:1      | Reached XP level 3. HP: 28/30 MP: 0/0
   468 | D:1      | Learned a level 1 spell: Freeze
   832 | D:1      | XOM: silly message
  1725 | D:1      | XOM: noise
  1946 | D:1      | XOM: divination: detect items
  2315 | D:1      | XOM: divination: detect items
  2532 | D:1      | XOM: silly message
  2611 | D:1      | XOM: noise
  3041 | D:1      | XOM: god gift: 21 gold pieces
  3338 | D:1      | XOM: god gift: lightning rod (4/4)
  3692 | D:1      | XOM: noise
  4841 | D:1      | XOM is BORED!
  4841 | D:1      | XOM: give mutations
  4841 | D:1      | Gained mutation: Your muscles are strong. (Str +4, Int/Dex
                  | -1) [Xom's mischief]
  4841 | D:1      | Gained mutation: Your natural rate of healing is unusually
                  | fast. [Xom's mischief]
  4841 | D:1      | Gained mutation: You are agile. (Dex +4, Str/Int -1) [Xom's
                  | mischief]
  4841 | D:1      | Lost mutation: Your natural rate of healing is unusually
                  | fast. [Xom's mischief]
  4967 | D:1      | XOM: give mutations
  4967 | D:1      | Gained mutation: Your skin changes colour to match your
                  | surroundings (Stealth+). [Xom's mischief]
  4967 | D:1      | Gained mutation: You are somewhat resistant to further
                  | mutation. [Xom's mischief]
  5269 | D:1      | XOM: silly message
  5440 | D:1      | XOM: god gift: quarterstaff {god gift}
  5614 | D:2      | Reached skill level 1 in Spellcasting
  5614 | D:2      | Reached skill level 1 in Conjurations
  5614 | D:2      | Reached skill level 1 in Hexes
  5614 | D:2      | Reached skill level 1 in Summonings
  5614 | D:2      | Reached skill level 1 in Necromancy
  5614 | D:2      | Reached skill level 1 in Translocations
  5614 | D:2      | Reached skill level 1 in Transmutations
  5614 | D:2      | Reached skill level 1 in Fire Magic
  5614 | D:2      | Reached skill level 1 in Ice Magic
  5614 | D:2      | Reached skill level 1 in Air Magic
  5614 | D:2      | Reached skill level 1 in Earth Magic
  5614 | D:2      | Reached skill level 1 in Poison Magic
  5672 | D:2      | XOM: enchant monster (bad)
  5722 | D:2      | Reached XP level 4. HP: 31/35 MP: 0/0
  6076 | D:2      | XOM: give mutations
  6076 | D:2      | Gained mutation: Your flesh is almost immune to the effects
                  | of heat. (rF+++) [Xom's grace]
  6076 | D:2      | Gained mutation: You expend health (3 HP) to strengthen
                  | your wands. [Xom's grace]
  6076 | D:2      | Gained mutation: You are very agile. (Dex +8, Str/Int -2)
                  | [Xom's grace]
  6120 | D:2      | XOM: 2-stop teleportation journey
  6266 | D:2      | Found a runed translucent door.
  6267 | D:2      | Noticed Crazy Yiuf
  6274 | D:2      | Killed Crazy Yiuf
  6416 | D:3      | Reached XP level 5. HP: 40/40 MP: 0/0
  6416 | D:3      | Learned a level 2 spell: Static Discharge
  6567 | D:3      | XOM: scenery: create altars
  6596 | D:3      | XOM: summons friendly white imp
  6601 | D:3      | Reached skill level 1 in Shields
  6601 | D:3      | Reached skill level 1 in Evocations
  6748 | D:3      | XOM: polymorph white imp -> cerulean imp
  6834 | D:3      | Reached XP level 6. HP: 46/46 MP: 0/0
  7049 | D:3      | XOM: silly message
  7378 | D:3      | XOM: god gift: 23 gold pieces
  7622 | D:4      | Noticed Sigmund
  7749 | D:4      | XOM: summons friendly white imp
  7755 | D:4      | Killed Sigmund
  7756 | D:4      | Reached XP level 7. HP: 47/51 MP: 0/0
  7756 | D:4      | Learned a level 2 spell: Ensorcelled Hibernation
  7772 | D:4      | a gnoll bouda changed into a shapeshifter
  7772 | D:4      | Noticed a shapeshifter (shapeshifter)
  7772 | D:4      | XOM: cast spell 'Cause Fear'
  7772 | D:4      | a shapeshifter changed into a basilisk
  7772 | D:4      | Noticed a basilisk (shapeshifter)
  7782 | D:4      | Killed a basilisk
  7783 | D:4      | Reached skill level 4 in Fighting
  7787 | D:4      | Noticed Eustachio
  7876 | D:3      | XOM: god gift: scroll of blinking
  7893 | D:3      | XOM: noise
  7905 | D:3      | Killed Eustachio
  7906 | D:3      | Reached XP level 8. HP: 56/58 MP: 0/0
  7948 | D:3      | XOM: cloud trail
  8074 | D:4      | Found a hide-covered altar of Uskayaw.
  8523 | D:5      | Entered Level 5 of the Dungeon
  8945 | D:5      | XOM: silly message
  9272 | D:5      | Found a staircase to the Ecumenical Temple.
  9291 | D:5      | XOM: potion effect (berserk rage)
  9335 | D:5      | XOM: silly message
  9540 | D:5      | XOM: noise
  9671 | D:5      | XOM: cloud trail
  9674 | D:6      | XOM: torment (26/58 hp)
  9800 | D:6      | XOM: summons 2 hostile demons
  9909 | D:6      | XOM: stat loss: -1 Int (16/17)
  9921 | D:6      | XOM: destruction
  9927 | D:6      | Reached XP level 9. HP: 48/63 MP: 0/0
  9927 | D:6      | Learned a level 4 spell: Animate Armour
 10089 | D:6      | Found a shimmering altar of Xom.
 10372 | D:6      | Noticed Grinder
 10386 | D:6      | Killed Grinder
 10387 | D:6      | Reached skill level 5 in Fighting
 10528 | D:6      | Slain by an orc wizard

Illustrated notes

Levels and vault maps discovered:
D:1:      minmay_arrival_stone_box, layout_basic
D:2:      layout_loops_ring, uniq_crazy_yiuf_cottage
D:3:      minmay_angry_zag, layout_loops_corners, st_stairs_11,
          kennysheep_pointless_box, kennysheep_generic_room_16
D:4:      layout_cave_pools, eat_drink_and_be_merry_uskayaw, uniq_sigmund,
          uniq_eustachio
D:5:      layout_basic, temple_green, minmay_liquid_box
D:6:      layout_cave_pools, tgw_xom, uniq_grinder

Skill      XL: |  1  2  3  4  5  6  7  8  9 |
---------------+----------------------------+-----
Spellcasting   | 1 2 3 4 |  4.1
Conjurations   | 1 2 3 4 |  4.1
Hexes          | 1 2 3 4 |  4.1
Summonings     | 1 2 3 4 |  4.1
Necromancy     | 1 2 3 4 |  4.1
Translocations | 1 2 3 4 |  4.1
Transmutations | 1 2 3 4 |  4.1
Fire Magic     | 1 2 3 4 |  4.1
Ice Magic      | 1 2 3 4 |  4.1
Air Magic      | 1 2 3 4 |  4.1
Earth Magic    | 1 2 3 4 |  4.1
Poison Magic   | 1 2 3 4 |  4.1
Long Blades    | 3 4 |  4.6
Shields        | 1 2 3 |  3.6
Evocations     | 1 2 3 |  3.6
Armour         | 2 3 4 |  4.1
Dodging        | 3 4 |  4.9
Fighting       | 4 5 |  5.0

Action                     |  1- 3 |  4- 6 |  7- 9 || total
---------------------------+-------+-------+-------++-------
  Melee: Falchion          |   108 |   130 |   238 ||   476
         Punch             |     1 |       |       ||     1
   Cast: Ensorcelled Hiber |       |       |     2 ||     2
  Evoke: Lightning rod     |       |       |     2 ||     2
         Wand              |       |       |     1 ||     1
    Use: Scroll            |       |     5 |     4 ||     9
         Potion            |       |       |     1 ||     1
   Stab: Sleeping          |     1 |     9 |     6 ||    16
         Petrified         |       |     8 |       ||     8
         Distracted        |       |     1 |     1 ||     2
         Paralysed         |       |       |     8 ||     8
 Armour: Leather armour    |    80 |    71 |   165 ||   316
  Dodge: Dodged            |    77 |    92 |   193 ||   362
  Block: Buckler           |    16 |    29 |    85 ||   130

Table legend: (Time is in decaauts)
 A = Elapsed time spent in this place.
 B = Non-inter-level travel time spent in this place.
 C = Inter-level travel time spent in this place.
 D = Time resting spent in this place.
 E = Time spent auto-exploring this place.
 F = Levels seen in this place.
 G = Mean time per level.
                   A        B        C        D        E       F      G
               +--------+--------+--------+--------+--------+-----+--------+
         Total |  10630 |  10311 |    319 |   5496 |   3633 |   6 | 1771.7 |
       Dungeon |  10630 |  10311 |    319 |   5496 |   3633 |   6 | 1771.7 |
               +--------+--------+--------+--------+--------+-----+--------+

Top non-repeatable levels by time:
     D:1: 5444 daAuts
     D:3: 1565 daAuts
     D:5: 1262 daAuts
     D:2: 983 daAuts
     D:4: 695 daAuts
     D:6: 678 daAuts
